[Event "Titled Tuesday Blitz January 03 Late 2023"]
[White "Silva, Miguel Antonio Neto"]
[Black "Sai Han Thiha"]
[WhiteFideId "1911929"]
[BlackFideId "13012290"]
[WhiteElo "2204"]
[BlackElo "2070"]
[Result "0-1"]
[Round "06"]
[TimeControl "180+2"]
[Date "2023.01.03"]
[WhiteClock "0:00:23"]
[BlackClock "0:00:05"]

1. e4 c6 2. d4 d5 3. e5 c5 4. Nf3 cxd4 5. Nxd4 Nc6 6. Nxc6 bxc6 7. Bd3 e6 8. O-O a5 9. c4 Ba6 10. Nd2 Ne7 11. Qc2 Qd7 12. Nf3 Ng6 13. h4 Be7 14. g3 dxc4 15. Bxc4 Bxc4 16. Qxc4 Qd5 17. Qe2 Qb5 18. Re1 h5 19. Nd4 Qxe2 20. Rxe2 c5 21. Nb5 O-O 22. Bd2 a4 23. Bc3 Rfb8 24. Na3 Rd8 25. Nc4 Rd3 26. Kg2 Rb8 27. Rc1 Bxh4 28. gxh4 Nf4+ 29. Kf1 Rh3 30. Ke1 Rh1+ 31. Kd2 Rxc1 32. Re4 Rxc3 33. bxc3 Nd5 34. Kc2 Kh7 35. Nd6 Kg6 36. Rxa4 Rb6 37. Nc4 Rb8 38. Ra7 f6 39. exf6 gxf6 40. Ra5 Kf5 41. Rxc5 Rg8 42. Ne3+ Ke4 43. Nxd5 exd5 44. Rc6 f5 45. Re6+ Kf4 46. Rd6 Ke5 47. Rh6 Rg2 48. Rxh5 Rxf2+ 49. Kb3 Ke4 50. a4 f4 51. a5 Rf1 52. Rh8 Ra1 53. Kb4 f3 54. Rf8 Ke3 55. h5 f2 56. Kc5 Rxa5+ 57. Kd6 Ra1 58. Re8+ Kd3 59. Rf8 f1=Q 60. Rxf1 Rxf1 61. Kxd5 Kxc3 0-1


[Site "https://www.chess.com"]

[Event "Titled Tuesday Blitz January 03 Late 2023"]
[White "Kaganskiy, Gleb"]
[Black "Kalogeris, Ioannis"]
[WhiteFideId "4132025"]
[BlackFideId "4239563"]
[WhiteElo "2205"]
[BlackElo "2423"]
[Result "0-1"]
[Round "06"]
[TimeControl "180+2"]
[Date "2023.01.03"]
[WhiteClock "0:00:17"]
[BlackClock "0:00:36"]

1. e4 e5 2. Nf3 Nc6 3. Nc3 Nf6 4. d4 Bb4 5. Nxe5 Qe7 6. Be2 Nxe4 7. O-O Bxc3 8. bxc3 Nxc3 9. Qd3 Nxe2+ 10. Qxe2 d6 11. Ba3 Nxd4 12. Qc4 c5 13. Rae1 Be6 14. Qa4+ b5 15. Qa6 dxe5 16. c3 Bc8 17. Qa5 Ne6 18. Rxe5 O-O 19. Bxc5 Qf6 20. Bxf8 Qxe5 21. Bb4 Bb7 22. c4 Nf4 23. Qxb5 Qe4 24. f3 Qe3+ 25. Kh1 Qe2 26. Rg1 Bxf3 27. Qg5 Nxg2 28. Rxg2 Qf1# 0-1


[Site "https://www.chess.com"]

[Event "Titled Tuesday Blitz January 03 Late 2023"]
[White "Weisz, Bryan"]
[Black "reevecanada"]
[WhiteFideId "30934133"]
[WhiteElo "1973"]
[BlackElo "2486"]
[Result "0-1"]
[Round "06"]
[TimeControl "180+2"]
[Date "2023.01.03"]
[WhiteClock "0:01:32"]
[BlackClock "0:02:08"]

1. e4 c5 2. Nf3 d6 3. d4 cxd4 4. Nxd4 Nf6 5. Nc3 a6 6. Bg5 e6 7. f4 Be7 8. Qf3 Qc7 9. O-O-O O-O 10. Bd3 b5 11. e5 Bb7 12. Qg3 dxe5 13. fxe5 Nd5 14. Ne4 Nc6 15. Qh4 Bxg5+ 16. Nxg5 h6 17. Ngf3 Nxe5 18. Qe4 Nxd3+ 19. Qxd3 Nf4 20. Qf1 Rac8 21. Kb1 e5 22. Nf5 Qxc2+ 23. Ka1 Qxf5 0-1


[Site "https://www.chess.com"]

[Event "Titled Tuesday Blitz January 03 Late 2023"]
[White "Martinez, Marcel"]
[Black "Rego, Vinicius V. de Almeida"]
[WhiteFideId "2016249"]
[BlackFideId "2106485"]
[WhiteElo "2402"]
[BlackElo "2238"]
[Result "1-0"]
[Round "06"]
[TimeControl "180+2"]
[Date "2023.01.03"]
[WhiteClock "0:01:09"]
[BlackClock "0:00:02"]

1. e4 c5 2. Nf3 d6 3. d4 cxd4 4. Nxd4 Nf6 5. Nc3 g6 6. Bd2 Bg7 7. Nb3 O-O 8. Be2 Nc6 9. O-O a5 10. a4 Be6 11. Bb5 Bxb3 12. cxb3 Nb4 13. Re1 Nd7 14. Be3 Nc5 15. Bc4 Rc8 16. f3 b6 17. Re2 Qc7 18. Nb5 Qb8 19. Rd2 Rfd8 20. Bg5 Qb7 21. Qe2 h6 22. Bh4 g5 23. Bf2 Nc6 24. Bd5 Qb8 25. Rad1 Ne5 26. h4 e6 27. Bc4 Nxa4 28. hxg5 hxg5 29. Be3 Nxc4 30. bxc4 Bf6 31. b3 Nc5 32. Rb1 d5 33. exd5 exd5 34. cxd5 Re8 35. Qf2 Nd7 36. Bd4 Ne5 37. d6 Rcd8 38. Rbd1 Re6 39. Bxb6 1-0


[Site "https://www.chess.com"]

[Event "Titled Tuesday Blitz January 03 Late 2023"]
[White "Vifleemskaia, Svetlana"]
[Black "Yashmetov, Mikhail"]
[WhiteFideId "4129490"]
[BlackFideId "24198900"]
[WhiteElo "1971"]
[BlackElo "2323"]
[Result "1/2-1/2"]
[Round "06"]
[TimeControl "180+2"]
[Date "2023.01.03"]
[WhiteClock "0:00:12"]
[BlackClock "0:00:09"]

1. d4 Nf6 2. c4 g6 3. Nc3 Bg7 4. e4 d6 5. Nge2 O-O 6. Ng3 e5 7. d5 a5 8. Be2 Na6 9. Be3 Nc5 10. O-O Bd7 11. Rb1 c6 12. Qd2 Ng4 13. Bxg4 Bxg4 14. f3 Bd7 15. Rfd1 cxd5 16. Bxc5 dxc5 17. Qxd5 Be6 18. Qxc5 Qg5 19. b3 h5 20. Nd5 h4 21. Nf1 f5 22. Qe7 Qxe7 23. Nxe7+ Kf7 24. Nd5 Rfd8 25. Nc7 Rd4 26. Nxe6 Kxe6 27. Ne3 fxe4 28. fxe4 Rxe4 29. Nd5 Rf8 30. Rf1 Rf5 31. Rbe1 Rxe1 32. Rxe1 Bh6 33. Re4 g5 34. Ne3 Rf8 35. Nd5 Rf7 36. Ne3 Bf8 37. h3 Bc5 38. Kh2 Rf4 39. Rxf4 exf4 40. Nd5 Ke5 41. g4 fxg3+ 42. Kg2 Ke4 43. Nc7 Kf5 44. Nd5 Bd4 45. Ne7+ Ke6 46. Nd5 Kf5 47. Ne7+ Kf4 48. Nd5+ Ke5 49. Ne7 Be3 50. Ng6+ Kf5 51. Ne7+ Kf6 52. Nd5+ Ke5 53. Kf3 Bf4 54. Ne7 Kf6 55. Nd5+ Kf5 56. Ne7+ Ke5 57. Nd5 Bc1 58. Ne7 Kd4 59. Nf5+ Kc3 60. Nd6 Kb2 61. Nxb7 Kxa2 62. Nxa5 Bd2 63. Nc6 Kxb3 64. Ne5 Bc3 65. Nf7 g4+ 66. hxg4 Kxc4 67. Nd6+ Kd5 68. Nf5 Be5 69. Nxh4 Ke6 70. Ng2 Kf6 71. Ne3 Kg5 72. Nf5 Bb8 73. Nxg3 Kh4 74. Nf5+ Kg5 75. Ng3 Be5 76. Ne4+ Kg6 77. Ng3 Bc7 78. Ne4 Bb8 79. Ng3 Ba7 80. Ne4 Bb6 81. Ng3 Bc7 82. Nf5 Kg5 83. Ne3 Bf4 84. Nd5 Be5 85. Ne3 Bd4 86. Nc4 Bc5 87. Ne5 Be7 88. Nf7+ Kf6 89. Nh8 Kg7 90. Kf4 Bd6+ 91. Kf5 Kxh8 92. Kg6 Kg8 93. g5 Bf4 94. Kf5 Bc1 95. g6 Bb2 96. g7 Kf7 97. g8=Q+ Kxg8 1/2-1/2


[Site "https://www.chess.com"]

[Event "Titled Tuesday Blitz January 03 Late 2023"]
[White "Ibadov, Dashgyn"]
[Black "Rian, Kapriaga"]
[WhiteFideId "24107514"]
[BlackFideId "7103263"]
[WhiteElo "2391"]
[BlackElo "2089"]
[Result "0-1"]
[Round "06"]
[TimeControl "180+2"]
[Date "2023.01.03"]
[WhiteClock "0:00:02"]
[BlackClock "0:00:19"]

1. d4 Nf6 2. c4 e6 3. Nf3 d5 4. Nc3 Be7 5. Bg5 h6 6. Bh4 O-O 7. e3 Ne4 8. Bxe7 Qxe7 9. Nxe4 dxe4 10. Nd2 f5 11. f3 exf3 12. Qxf3 Nd7 13. O-O-O e5 14. Kb1 a5 15. c5 Nf6 16. Bc4+ Kh8 17. Qg3 f4 18. exf4 exd4 19. Nf3 Qxc5 20. Ne5 Bf5+ 21. Bd3 Ne4 22. Qe1 Nd6 23. g4 Bxd3+ 24. Rxd3 Rae8 25. g5 Rxf4 26. Ng6+ Kh7 27. Nxf4 Rxe1+ 28. Rxe1 Qxg5 29. Ne6 Qf5 30. Kc2 c5 31. Kd2 Nc4+ 32. Kc2 Ne5 33. Nxc5 Nxd3 34. Nxd3 b6 35. Re5 Qh3 36. Re2 Qf3 37. Rf2 Qe4 38. Kd2 h5 39. Rf4 Qd5 40. a3 g6 41. Rf2 Kh6 42. Kc2 h4 43. Kd2 g5 44. Rf6+ Kh5 45. Rf2 Qd6 46. Re2 b5 47. Rf2 b4 48. axb4 axb4 49. Re2 b3 50. Rf2 Qc7 0-1


[Site "https://www.chess.com"]

[Event "Titled Tuesday Blitz January 03 Late 2023"]
[White "Ladan, Nicholas"]
[Black "Kujawski, Adam"]
[WhiteFideId "30918855"]
[BlackFideId "1100920"]
[WhiteElo "2228"]
[BlackElo "2173"]
[Result "0-1"]
[Round "06"]
[TimeControl "180+2"]
[Date "2023.01.03"]
[WhiteClock "0:00:10"]
[BlackClock "0:00:23"]

1. d4 Nf6 2. Bf4 c5 3. e3 d5 4. c3 Nc6 5. Nd2 Qb6 6. Qb3 c4 7. Qc2 Bg4 8. e4 e6 9. f3 Bh5 10. h4 Bg6 11. g4 h5 12. g5 Nd7 13. O-O-O Rc8 14. Nh3 Nxd4 15. cxd4 c3 16. Nc4 dxc4 17. bxc3 e5 18. Be3 exd4 19. Bxd4 Qa6 20. Nf4 Ba3+ 21. Kd2 O-O 22. Bh3 Rcd8 23. Nd5 Nb6 24. Nxb6 Qxb6 25. Ke3 Bc5 26. Qb1 Bxd4+ 27. cxd4 Qc7 28. Qb5 f6 29. Be6+ Kh7 30. Rhg1 fxg5 31. Rxg5 Qf4+ 32. Kf2 Qxf3+ 33. Kg1 Qxd1+ 34. Kg2 Qe2+ 35. Kh3 Rf3+ 36. Rg3 Qf1+ 37. Kh2 Rf2+ 0-1


[Site "https://www.chess.com"]

[Event "Titled Tuesday Blitz January 03 Late 2023"]
[White "Ward, Ieuan C"]
[Black "Jovic, Stanoje"]
[WhiteFideId "406627"]
[BlackFideId "905020"]
[WhiteElo "2028"]
[BlackElo "2075"]
[Result "0-1"]
[Round "06"]
[TimeControl "180+2"]
[Date "2023.01.03"]
[WhiteClock "0:00:02"]
[BlackClock "0:00:28"]

1. e4 c6 2. d4 d5 3. Nc3 dxe4 4. Nxe4 Nf6 5. Nxf6+ exf6 6. Nf3 Bd6 7. Bd3 O-O 8. O-O Bg4 9. h3 Bh5 10. c3 Re8 11. Be3 Nd7 12. Re1 Qc7 13. Be2 Re7 14. c4 Rae8 15. Qd2 c5 16. d5 g5 17. Qc2 Bg6 18. Bd3 Kg7 19. Bd2 a5 20. Rxe7 Rxe7 21. Re1 Rxe1+ 22. Bxe1 b6 23. Bc3 Ne5 24. Nxe5 fxe5 25. Qd2 Qe7 26. Bxg6 hxg6 27. Qe3 f6 28. Qf3 f5 29. Qe3 Kh7 30. Kf1 e4 31. b3 a4 32. Bb2 a3 33. Bxa3 Qe5 34. Bc1 f4 35. Qe2 Qa1 36. Qb2 Qxb2 37. Bxb2 Kh6 38. Bc3 Kh5 39. a3 g4 40. hxg4+ Kxg4 41. b4 f3 42. gxf3+ Kxf3 43. b5 e3 44. fxe3 Kxe3 45. a4 Kd3 46. Bf6 Kxc4 47. Bd8 Kb4 48. Bxb6 Kxa4 49. Bd8 Kxb5 50. Ke2 Kc4 51. Kf3 Kxd5 52. Kg4 c4 53. Kg5 c3 54. Ba5 c2 55. Bd2 Ke4 56. Kxg6 Bf4 0-1


[Site "https://www.chess.com"]

[Event "Titled Tuesday Blitz January 03 Late 2023"]
[White "Khandelwal, Ankush"]
[Black "Liu, Kelsey"]
[WhiteFideId "413470"]
[BlackFideId "30944481"]
[WhiteElo "2205"]
[BlackElo "2065"]
[Result "1-0"]
[Round "06"]
[TimeControl "180+2"]
[Date "2023.01.03"]
[WhiteClock "0:00:03"]
[BlackClock "0:00:02"]

1. e4 c5 2. Nf3 e6 3. d4 cxd4 4. Nxd4 Nc6 5. Nc3 Nf6 6. Bg5 Bb4 7. Nxc6 bxc6 8. e5 Qa5 9. Qd4 Nd5 10. Bd2 Nxc3 11. bxc3 Bc5 12. Qg4 Bf8 13. Qg3 Ba6 14. c4 Qb6 15. Bd3 Qd4 16. c3 Qc5 17. Be3 Qa5 18. Rc1 Ba3 19. Rc2 O-O-O 20. O-O Kc7 21. Bxa7 c5 22. Rb1 Kc6 23. Qf3+ d5 24. exd6+ Kxd6 25. Bb6 Rb8 26. Qf4+ Ke7 27. Qc7+ Kf6 28. Re2 1-0


[Site "https://www.chess.com"]

[Event "Titled Tuesday Blitz January 03 Late 2023"]
[White "Pesotskiy, Mikhail"]
[Black "Van den Dikkenberg, Erik"]
[WhiteFideId "34164453"]
[BlackFideId "1005880"]
[WhiteElo "2153"]
[BlackElo "2091"]
[Result "0-1"]
[Round "06"]
[TimeControl "180+2"]
[Date "2023.01.03"]
[WhiteClock "0:00:03"]
[BlackClock "0:00:55"]

1. d4 Nf6 2. c4 c5 3. d5 b5 4. cxb5 a6 5. bxa6 g6 6. Nc3 Bg7 7. e4 O-O 8. Nf3 d6 9. Be2 Qa5 10. Bd2 Bxa6 11. O-O Nbd7 12. a4 Qb4 13. Bxa6 Rxa6 14. Qe2 Raa8 15. Rab1 Rfb8 16. Rfe1 Qb3 17. e5 Nxd5 18. e6 Ne5 19. Nxe5 Bxe5 20. exf7+ Kxf7 21. Qf3+ Nf6 22. Bf4 Bxc3 23. Re3 Qc2 24. Rf1 Bd4 25. Re2 Qf5 26. Be3 Qxf3 27. gxf3 Bxe3 28. fxe3 Rxa4 29. e4 e5 30. Rff2 0-1


[Site "https://www.chess.com"]

[Event "Titled Tuesday Blitz January 03 Late 2023"]
[White "Yeritsyan, Hayk"]
[Black "Kovacs, Klara"]
[WhiteFideId "13307320"]
[BlackFideId "733210"]
[WhiteElo "2241"]
[BlackElo "2121"]
[Result "1-0"]
[Round "06"]
[TimeControl "180+2"]
[Date "2023.01.03"]
[WhiteClock "0:00:38"]
[BlackClock "0:00:20"]

1. d4 e6 2. Nf3 Nf6 3. e3 c5 4. Bd3 b6 5. c3 Bb7 6. Nbd2 cxd4 7. exd4 Be7 8. O-O O-O 9. Qe2 d6 10. Re1 Nbd7 11. Ng5 h6 12. Nxe6 fxe6 13. Qxe6+ Rf7 14. Bg6 Bd5 15. Bxf7+ Kf8 16. Qxd5 Nxd5 17. Bxd5 Nf6 18. Bxa8 Qxa8 19. Nf3 Qd5 20. Bf4 Nh5 21. Bg3 Nxg3 22. hxg3 Qb5 23. Rab1 Qc4 24. a3 a5 25. Red1 Bf6 26. Rd2 d5 27. Re1 a4 28. Rde2 Qb3 29. Ne5 Kg8 30. Nd3 Qb5 31. Nb4 Qc4 32. Re3 Qb3 33. R3e2 Kh7 34. Rd2 Kg6 35. Nd3 Kh7 36. Nf4 Qb5 37. Rde2 Qb3 38. f3 Bg5 39. Kf2 Qb5 40. Rd1 Qc6 41. Re5 Bxf4 42. gxf4 Qf6 43. g3 Qg6 44. Rd2 Qf7 45. Rde2 Qd7 46. f5 Qc6 47. g4 Qf6 48. Kg2 Qf7 49. Re6 Qf8 50. Re7 Qf6 51. R2e6 Qg5 52. f6 Qd2+ 53. Re2 Qf4 54. Rxg7+ 1-0


[Site "https://www.chess.com"]

[Event "Titled Tuesday Blitz January 03 Late 2023"]
[White "Hernandez Bonilla, Amelia"]
[Black "Kleinman, Michael"]
[WhiteFideId "3900193"]
[BlackFideId "2609479"]
[WhiteElo "1960"]
[BlackElo "2387"]
[Result "0-1"]
[Round "06"]
[TimeControl "180+2"]
[Date "2023.01.03"]
[WhiteClock "0:00:02"]
[BlackClock "0:00:06"]

1. d4 Nf6 2. Nf3 d5 3. c4 e6 4. g3 Be7 5. Bg2 O-O 6. O-O c6 7. Qc2 b6 8. Nbd2 a5 9. Re1 h6 10. e4 Na6 11. a3 Bb7 12. e5 Nd7 13. cxd5 cxd5 14. Nf1 b5 15. h4 b4 16. N1h2 Qc7 17. Qd1 Rfc8 18. Re2 Bf8 19. Bf4 Bc6 20. Rc1 Qb6 21. Rec2 Bb7 22. Rxc8 Rxc8 23. Rxc8 Bxc8 24. Qc1 bxa3 25. bxa3 Bb7 26. Qc2 Bc6 27. Ng4 Bxa3 28. Bxh6 gxh6 29. Nxh6+ Kg7 30. Ng5 Nb4 31. Qb1 Nf8 32. Nhxf7 Qxd4 33. h5 Qd3 34. h6+ Kg6 35. Qxd3+ Nxd3 36. Nd8 Bd7 37. f4 Bc5+ 38. Kf1 a4 39. Ke2 a3 40. f5+ exf5 41. Bxd5 Nb4 42. Bb3 Kxg5 43. h7 Nxh7 44. e6 Be8 45. Kd2 Be7 46. Kc3 Bxd8 47. Kxb4 Be7+ 48. Kc4 Kf6 49. Kd5 Ng5 50. Ba2 Nxe6 0-1


[Site "https://www.chess.com"]

[Event "Titled Tuesday Blitz January 03 Late 2023"]
[White "Fernandez Hernandez, Gerardo"]
[Black "Kuegel, Tobias"]
[WhiteFideId "2207400"]
[BlackFideId "4636295"]
[WhiteElo "2181"]
[BlackElo "2332"]
[Result "0-1"]
[Round "06"]
[TimeControl "180+2"]
[Date "2023.01.03"]
[WhiteClock "0:00:04"]
[BlackClock "0:00:02"]

1. e4 e5 2. Nf3 Nc6 3. Bc4 Bc5 4. b4 Bxb4 5. c3 Ba5 6. d4 d6 7. Qb3 Qd7 8. dxe5 Bb6 9. exd6 Na5 10. Qb4 c5 11. Qb5 Nxc4 12. Qxc4 Qxd6 13. O-O Ne7 14. Bg5 Be6 15. Qe2 Ng6 16. Na3 O-O 17. Nc4 Qc7 18. a4 f6 19. Be3 Qf7 20. Nxb6 axb6 21. Rfd1 Bb3 22. Rd6 Ra6 23. Rb1 Bxa4 24. Rdxb6 Rxb6 25. Rxb6 Rc8 26. Qb2 Bc6 27. Nd2 Ne5 28. f3 c4 29. Qb4 Qd7 30. Bd4 Nd3 31. Qxc4+ Kh8 32. Qxd3 Ra8 33. Rb1 Qe6 34. Qc4 Qd7 35. Qb4 Qe6 36. g3 Qa2 37. Rb2 Qa1+ 38. Kg2 Qd1 39. Nc4 h6 40. Nd6 Ra1 41. Nf5 Qf1# 0-1


[Site "https://www.chess.com"]

[Event "Titled Tuesday Blitz January 03 Late 2023"]
[White "Calcada, Lucas Galvan"]
[Black "Pein, Jonathan"]
[WhiteFideId "22746099"]
[BlackFideId "417092"]
[WhiteElo "1739"]
[BlackElo "2265"]
[Result "0-1"]
[Round "06"]
[TimeControl "180+2"]
[Date "2023.01.03"]
[WhiteClock "0:00:49"]
[BlackClock "0:00:19"]

1. d4 d5 2. c4 c6 3. Nc3 Bf5 4. Nf3 e6 5. cxd5 exd5 6. Bf4 Bd6 7. Bxd6 Qxd6 8. e3 Nf6 9. Bd3 Ne4 10. O-O Nd7 11. Qc2 Ndf6 12. Ne5 Bg6 13. f3 Nxc3 14. bxc3 Bxd3 15. Qxd3 O-O 16. Rae1 Rad8 17. e4 dxe4 18. fxe4 Qxe5 19. dxe5 Rxd3 20. exf6 Rxc3 21. fxg7 Rd8 22. e5 Re8 23. Rb1 b6 24. Rbc1 Rxc1 25. Rxc1 c5 26. Re1 Kxg7 27. Kf2 Re6 28. Kf3 Kg6 29. Re4 h5 30. h4 f6 31. exf6 Rxe4 32. Kxe4 Kxf6 33. Kf4 b5 0-1


[Site "https://www.chess.com"]

[Event "Titled Tuesday Blitz January 03 Late 2023"]
[White "Curtis, John"]
[Black "Erdogdu, Mert"]
[WhiteFideId "3200256"]
[BlackFideId "6301495"]
[WhiteElo "2292"]
[BlackElo "2413"]
[Result "0-1"]
[Round "06"]
[TimeControl "180+2"]
[Date "2023.01.03"]
[WhiteClock "0:00:01"]
[BlackClock "0:00:05"]

1. e4 c5 2. Nf3 d6 3. d4 cxd4 4. Nxd4 Nf6 5. Nc3 a6 6. Bg5 e6 7. Qf3 Be7 8. O-O-O Qa5 9. Bh4 O-O 10. Kb1 Nc6 11. Nxc6 bxc6 12. Bc4 d5 13. Bb3 Qb4 14. a3 Qc5 15. Rhe1 Rb8 16. Na4 Qa7 17. e5 Ne4 18. Bxe7 Qxe7 19. Qe3 c5 20. f3 c4 21. fxe4 cxb3 22. c3 dxe4 23. Nc5 Rb5 24. Rd6 Qc7 25. Nxe4 Rxe5 26. Qd4 Rd5 27. Rxd5 exd5 28. Ng5 Bf5+ 29. Ka1 Qxh2 30. Nf3 Qg3 31. Rd1 Be4 32. Qd2 h6 33. Nd4 Rb8 34. Nc6 Rb6 35. Ne7+ Kh7 36. Nxd5 Rd6 37. c4 Bc2 38. Re1 Re6 39. Rxe6 fxe6 40. Ne3 Qf4 41. Qe1 Bg6 42. g3 Qe4 0-1


[Site "https://www.chess.com"]

[Event "Titled Tuesday Blitz January 03 Late 2023"]
[White "Vega Gutierrez, Sabrina"]
[Black "Jarocka, Liwia"]
[WhiteFideId "2219026"]
[BlackFideId "21807558"]
[WhiteElo "2377"]
[BlackElo "2225"]
[Result "1-0"]
[Round "06"]
[TimeControl "180+2"]
[Date "2023.01.03"]
[WhiteClock "0:00:27"]
[BlackClock "0:00:39"]

1. e4 c5 2. Nf3 d6 3. d4 cxd4 4. Qxd4 Bd7 5. c4 Nc6 6. Qe3 Nf6 7. h3 g6 8. Be2 Bg7 9. O-O O-O 10. Rd1 Qb6 11. Qxb6 axb6 12. Nc3 Be6 13. Ng5 Nd7 14. Nxe6 fxe6 15. Bg4 Nc5 16. Be3 Kf7 17. Rac1 h5 18. Bf3 Ne5 19. Be2 Nc6 20. a3 Bxc3 21. Rxc3 Nxe4 22. Rb3 Nc5 23. Rxb6 Rfb8 24. Bxc5 dxc5 25. Rd7 Nd4 26. Bd3 Ra7 27. Be4 Nf5 28. Rc7 Nd6 29. Rxd6 1-0


[Site "https://www.chess.com"]

[Event "Titled Tuesday Blitz January 03 Late 2023"]
[White "Suvorov, Luca"]
[Black "Gomes, Luiz Alexandre de Souza"]
[WhiteFideId "12977071"]
[BlackFideId "2102790"]
[WhiteElo "2310"]
[BlackElo "2254"]
[Result "0-1"]
[Round "06"]
[TimeControl "180+2"]
[Date "2023.01.03"]
[WhiteClock "0:00:10"]
[BlackClock "0:00:10"]

1. d4 Nf6 2. c4 c5 3. d5 b5 4. Qc2 d6 5. e4 g6 6. cxb5 a6 7. Nc3 Bg7 8. a4 O-O 9. f3 e6 10. dxe6 Bxe6 11. Bg5 Qa5 12. Ne2 d5 13. Bxf6 Bxf6 14. exd5 Bxd5 15. Rd1 Be6 16. Kf2 axb5 17. axb5 Nd7 18. h4 Ne5 19. Nf4 Bf5 20. Ne4 Bg7 21. Nd5 Bxe4 22. Qxe4 Rfe8 23. Be2 c4 24. Rhe1 Nd3+ 25. Bxd3 Rxe4 26. Bxe4 Rb8 27. b6 Bxb2 28. Kf1 c3 29. Re2 Kg7 30. h5 gxh5 31. Ne3 Qxb6 32. Nf5+ Kf8 33. Rd6 Qb5 34. Rd5 Qc4 35. Rd4 Qb3 36. Bc2 Qb6 37. Rde4 Qf6 38. Re5 h4 39. Ne3 h3 40. Ng4 hxg2+ 41. Kxg2 Qh4 42. Rf5 Rd8 43. Ne5 Rd2 44. Rxd2 cxd2 45. Rxf7+ Kg8 46. Bb3 Kh8 47. Rf8+ Kg7 48. Rf7+ Kh6 49. Ng4+ Kg6 50. Rf6+ Bxf6 51. Nxf6 Kxf6 52. Bc2 Qe1 53. Kh3 d1=Q 54. Bxd1 Qxd1 55. Kg3 Qg1+ 56. Kf4 Qg5+ 57. Ke4 h5 58. f4 Qf5+ 59. Kf3 h4 60. Ke3 Qg4 0-1


[Site "https://www.chess.com"]

[Event "Titled Tuesday Blitz January 03 Late 2023"]
[White "Dzierzak, Radoslaw"]
[Black "Adury, Anant"]
[WhiteFideId "1161407"]
[BlackFideId "30964687"]
[WhiteElo "2220"]
[BlackElo "2123"]
[Result "1-0"]
[Round "06"]
[TimeControl "180+2"]
[Date "2023.01.03"]
[WhiteClock "0:02:21"]
[BlackClock "0:02:52"]

1. e4 d6 2. d4 Nf6 3. Nc3 e5 4. Nf3 Nc6 5. dxe5 Nxe5 6. Nxe5 dxe5 7. Qxd8+ Kxd8 8. Bc4 Bb4 9. f3 Ke7 10. Bd2 Be6 11. Nd5+ Nxd5 12. exd5 Bxd2+ 13. Kxd2 Bd7 14. Ke3 Kd6 15. Bb3 c5 16. dxc6 Bxc6 17. Bxf7 1-0


[Site "https://www.chess.com"]

[Event "Titled Tuesday Blitz January 03 Late 2023"]
[White "qiaohu_henry"]
[Black "Novikov, Evgenij"]
[BlackFideId "4125380"]
[WhiteElo "2253"]
[BlackElo "2276"]
[Result "0-1"]
[Round "06"]
[TimeControl "180+2"]
[Date "2023.01.03"]
[WhiteClock "0:00:02"]
[BlackClock "0:00:23"]

1. d4 Nf6 2. Bf4 d5 3. e3 c5 4. c3 Nc6 5. Nd2 e6 6. h3 Bd6 7. dxc5 Bxc5 8. Ngf3 O-O 9. Ne5 Nd7 10. Nd3 Be7 11. Be2 e5 12. Bh2 Re8 13. O-O Bf8 14. c4 Nf6 15. cxd5 Qxd5 16. Nb3 Bf5 17. Ne1 Qe6 18. Nf3 Red8 19. Qc1 Rac8 20. Nc5 Qe7 21. Nb3 Nb4 22. Qe1 Nc2 23. Qa5 b6 24. Qxe5 Qxe5 25. Bxe5 Nxa1 26. Rxa1 Nd7 27. Bg3 Nc5 28. Nbd4 Bd3 29. Bd1 Ne4 30. Bh4 Rd5 31. Bb3 Bc4 32. Bc2 Nd6 33. b3 Ba6 34. Bd1 Ne4 35. a3 Nc3 36. b4 Nxd1 37. Rxd1 f6 38. a4 Bxb4 39. Rb1 Bc5 40. Bg3 Bd3 41. Rd1 Be4 42. Rb1 Rcd8 0-1


[Site "https://www.chess.com"]

[Event "Titled Tuesday Blitz January 03 Late 2023"]
[White "Mazurkiewicz, Michal"]
[Black "Broca Jimenez, Fernando"]
[WhiteFideId "1124943"]
[BlackFideId "5104742"]
[WhiteElo "2145"]
[BlackElo "2075"]
[Result "0-1"]
[Round "06"]
[TimeControl "180+2"]
[Date "2023.01.03"]
[WhiteClock "0:01:29"]
[BlackClock "0:00:13"]

1. e4 c5 2. Nf3 d6 3. g3 g6 4. Bg2 Bg7 5. O-O Nf6 6. d3 O-O 7. Re1 Nc6 8. e5 dxe5 9. Nxe5 Nxe5 10. Rxe5 Nd7 11. Re1 Rb8 12. Nd2 b6 13. Nc4 Bb7 14. Bf4 e5 15. Nxe5 Nxe5 16. Bxb7 Rxb7 17. Bxe5 Bxe5 18. Rxe5 Qd4 19. Qe2 Qxb2 20. Re1 Qxa2 21. h4 Qb2 22. h5 Qd4 23. h6 a5 24. Re8 Qd6 25. c4 Rb8 26. Rxb8 Rxb8 27. Qe8+ Rxe8 28. Rxe8+ Qf8 29. Rxf8+ Kxf8 30. Kf1 a4 31. Ke2 a3 32. d4 a2 33. dxc5 a1=Q 34. cxb6 Qb2+ 35. Kd3 Qxb6 36. f4 Ke7 37. g4 Ke6 38. g5 Kf5 39. Kc3 Kxf4 40. Kd3 Kxg5 41. Ke4 Kxh6 42. Kf3 f5 43. Kg3 Qe3+ 44. Kh4 Qf3 45. c5 Qg4# 0-1


[Site "https://www.chess.com"]

[Event "Titled Tuesday Blitz January 03 Late 2023"]
[White "Zakarian, David"]
[Black "Zampronha, Wladimir Camilo"]
[WhiteFideId "13301276"]
[BlackFideId "2103087"]
[WhiteElo "2306"]
[BlackElo "2176"]
[Result "1/2-1/2"]
[Round "06"]
[TimeControl "180+2"]
[Date "2023.01.03"]
[WhiteClock "0:01:06"]
[BlackClock "0:00:12"]

1. d4 Nf6 2. c4 e6 3. Nf3 d5 4. Nc3 Bb4 5. Qb3 Nc6 6. Bg5 O-O 7. e3 h6 8. Bxf6 Qxf6 9. cxd5 exd5 10. Qxd5 Be6 11. Qb5 Bd7 12. Bd3 Rfe8 13. O-O Bxc3 14. bxc3 Ne5 15. dxe5 Bxb5 16. exf6 Bxd3 17. Rfd1 Rad8 18. fxg7 Be2 19. Rxd8 Rxd8 20. Nd4 Ba6 21. Nf5 Rd2 22. Nxh6+ Kxg7 23. Nf5+ Kf6 24. Nd4 Bc4 25. a3 c5 26. Nf3 Rc2 27. h4 Rxc3 28. Ng5 Kg6 29. Ne4 Rc2 30. Nxc5 Bd5 31. Nd3 Be4 32. Nf4+ Kf6 33. f3 Bc6 34. Rd1 Rc3 35. Rd3 Rxd3 36. Nxd3 a5 37. Kf2 b5 38. e4 Bd7 39. Ke3 Be6 40. Kd4 Bc4 41. Ne5 Bf1 42. g4 b4 43. g5+ Kg7 44. axb4 axb4 45. Nc6 b3 46. Kc3 Bg2 47. Nd4 Kg6 48. Kxb3 Kh5 49. e5 Kxh4 50. g6 fxg6 51. e6 Bh3 52. e7 Bd7 53. Kc3 Kg5 54. Kd3 Kf6 55. Ke4 Kxe7 56. Kf4 Kf7 57. Kg5 Kg7 58. f4 Be8 59. Nf3 Bf7 60. Ne5 Be8 61. Ng4 Bf7 62. Nf6 Bb3 63. Nd7 Kf7 64. Ne5+ Kg7 65. Nxg6 Bc2 66. Ne5 Bb1 67. Ng4 Bc2 68. Ne3 Bb1 69. Kg4 Bd3 70. Nd5 Bb1 71. Kf3 Bc2 72. Ke3 Bb1 73. Kd4 Bc2 74. Ke5 Bb1 75. Nf6 Bc2 76. Ne4 Bxe4 77. Kxe4 Kf6 78. f5 Kf7 79. Ke5 Ke7 80. f6+ Kf7 81. Kf5 Kf8 82. Ke6 Ke8 83. f7+ Kf8 84. Kf6 1/2-1/2


[Site "https://www.chess.com"]

[Event "Titled Tuesday Blitz January 03 Late 2023"]
[White "Wang, Alexander J"]
[Black "marik_spb"]
[WhiteFideId "30955270"]
[WhiteElo "1815"]
[BlackElo "2401"]
[Result "1-0"]
[Round "06"]
[TimeControl "180+2"]
[Date "2023.01.03"]
[WhiteClock "0:00:08"]
[BlackClock "0:00:08"]

1. e4 c6 2. d4 d5 3. f3 dxe4 4. fxe4 e5 5. Nf3 Nf6 6. Bc4 b5 7. Bb3 exd4 8. O-O Bc5 9. Bg5 h6 10. Bxf6 Qxf6 11. Nfd2 d3+ 12. Kh1 Qxb2 13. Bxf7+ Kd8 14. Nb3 Qxc2 15. Qh5 Be7 16. N1d2 Bd7 17. Qe5 Na6 18. Qxg7 Kc7 19. Rac1 Qxa2 20. Bd5 Qa3 21. Nd4 Nb8 22. Nxb5+ Kb7 23. Nxa3 cxd5 24. Qxe7 Re8 25. Qb4+ Ka6 26. Nac4 Bb5 27. Ra1+ Kb7 28. Qxb5+ Kc7 29. Qc5+ Kd8 30. Qd6+ Nd7 31. Ne5 Rxe5 32. Rf8+ Re8 33. Rxe8+ Kxe8 34. Qe6+ Kd8 35. exd5 Rc8 36. Qg8+ Kc7 37. Rc1+ Kd6 38. Qxc8 a5 39. Qc6+ Ke5 40. Qe6+ Kd4 41. Qe4# 1-0


[Site "https://www.chess.com"]